Map: Corrosion EC

Players

friedpork

  • Race: Zerg Zerg
  • League: Master
  • Spawn Location: 11:00

zuka - Winner!

  • Race: Protoss Protoss
  • League: Master
  • Spawn Location: 5:00

VOD

Have the link to the VOD?

Description

Time

  • Played on: Nov. 17, 2018, 10:03 a.m.
  • Length: 9:11
Show
View Real Time Build Order
Export as new Build Order

friedpork Zerg 

Build Orders: Hatch First 

Get SALT Encoding   

  12  0:00  Drone  
  13  0:12  Overlord  
  13  0:17  Drone  
  14  0:31  Drone  
  14  0:32  Drone  
  16  0:49  Hatchery  
  15  0:52  Drone  
  15  0:56  Drone  
  17  0:58  Drone  
  18  1:10  Extractor  
  17  1:14  Spawning Pool  
  16  1:19  Drone  
  16  1:20  Drone  
  18  1:28  Drone  
  19  1:38  Overlord  
  19  1:49  Drone  
  20  2:01  Queen x2  
  20  2:03  Zergling x4  
  26  2:11  Drone  
  26  2:13  Metabolic Boost  
  28  2:15  Drone  
  28  2:22  Drone  
  29  2:24  Drone  
  30  2:37  Drone  
  31  2:44  Queen  
  31  2:45  Hatchery  
  31  2:49  Overlord  
  32  2:54  Overlord  
  32  2:59  Overlord  
  32  3:11  Drone x2  
  32  3:12  Drone x4  
  38  3:19  Zergling x2  
  40  3:20  Zergling x2  
  40  3:24  Drone x3  
  43  3:29  Drone  
  43  3:43  Drone x4, Extractor x2  
  43  3:45  Roach Warren  
  43  3:46  Overlord  
  43  3:48  Drone  
  45  3:49  Drone  
  45  3:53  Overlord  
  46  3:56  Drone x2  
  46  4:02  Queen  
  48  4:09  Drone  
  51  4:12  Drone  
  51  4:13  Drone  
  51  4:15  Lair  
  53  4:18  Drone  
  53  4:19  Overlord  
  54  4:24  Spore Crawler  
  54  4:27  Spore Crawler  
  54  4:28  Roach  
  53  4:37  Spore Crawler  
  53  4:38  Roach x3  
  58  4:41  Drone  
  58  4:43  Drone x2  
  61  4:50  Roach  
  61  4:51  Roach x2  
  67  4:53  Drone  
  67  4:54  Drone  
  69  5:03  Drone x5  
  69  5:05  Overlord  
  74  5:16  Drone  
  74  5:17  Drone x3, Overlord  
  74  5:19  Glial Reconstitution  
  74  5:21  Overseer  
  78  5:23  Overlord  
  78  5:28  Drone x3  
  81  5:29  Drone  
  81  5:35  Overlord, Drone  
  82  5:36  Drone x2  
  82  5:37  Drone  
  86  5:43  Hydralisk Den  
  86  5:45  Evolution Chamber, Drone  
  86  5:49  Extractor  
  84  5:57  Queen  
  84  6:01  Roach  
  84  6:02  Roach  
  90  6:06  Drone  
  90  6:07  Drone x7  
  90  6:11  Overlord  
  98  6:12  Extractor x2, Zerg Missile Weapons Level 1  
  98  6:14  Pneumatized Carapace  
  94  6:19  Overlord x2  
  94  6:24  Hatchery  
  91  6:31  Drone x2  
  91  6:36  Grooved Spines  
  91  6:39  Drone x8  
  99  6:46  Drone  
  101  6:58  Hatchery  
  100  7:02  Overlord, Hydralisk x6  
  100  7:03  Hydralisk x2  
  100  7:08  Overlord x2  
  116  7:21  Hydralisk x7  
  130  7:24  Overlord  
  130  7:29  Overlord, Hydralisk  
  130  7:30  Hydralisk  
  134  7:38  Overlord, Hydralisk x2  
  138  7:44  Hydralisk x3  
  138  7:47  Muscular Augments  
  138  7:49  Hydralisk x3  
  150  8:04  Overlord  
  150  8:07  Roach x6  
  150  8:08  Roach x3  
  168  8:14  Baneling Nest  
  169  8:27  Roach x7  
  181  8:35  Roach  
  171  8:44  Roach  
Show
View Real Time Build Order
Export as new Build Order

zuka Protoss - Winner!

Build Orders: 1 Gate Expand, Zealot Archon, Dark Templar Rush 

Get SALT Encoding   

  12  0:01  Probe  
  13  0:13  Probe  
  14  0:22  Probe, Pylon  
  15  0:36  Probe  
  16  0:43  Gateway  
  16  0:48  Probe  
  16  0:49  Assimilator  
  17  0:57  Probe  
  18  1:05  Probe  
  19  1:12  Pylon  
  19  1:14  Probe  
  20  1:31  Nexus  
  20  1:40  Cybernetics Core  
  20  1:42  Probe  
  21  1:48  Assimilator  
  21  1:55  Probe  
  21  1:58  Pylon  
  22  2:06  Stalker  
  22  2:07  Probe  
  23  2:19  Probe, Warp Gate  
  26  2:31  Probe  
  26  2:36  Adept  
  29  2:43  Probe  
  30  2:44  Probe  
  30  2:49  Twilight Council  
  31  2:53  Probe  
  31  2:55  Probe  
  33  3:01  Probe  
  33  3:07  Probe  
  33  3:08  Robotics Facility  
  33  3:12  Adept  
  37  3:14  Probe  
  38  3:22  Pylon  
  38  3:29  Probe, Dark Shrine  
  38  3:32  Probe  
  40  3:41  Probe  
  41  3:44  Probe  
  41  3:46  Assimilator  
  42  3:53  Probe  
  42  3:54  Gateway x2  
  43  3:55  Warp Prism  
  43  4:00  Gateway  
  43  4:09  Probe  
  46  4:10  Probe  
  47  4:21  Probe  
  47  4:22  Probe  
  49  4:33  Probe  
  49  4:34  Nexus  
  49  4:37  Pylon  
  50  4:39  Probe  
  50  4:45  Probe  
  52  4:46  Pylon  
  52  4:56  Dark Templar x3  
  52  4:58  Dark Templar  
  60  5:02  Immortal  
  60  5:04  Probe  
  60  5:05  Probe  
  66  5:16  Probe  
  66  5:17  Probe  
  66  5:19  Forge  
  68  5:21  Archon x2  
  68  5:26  Pylon  
  68  5:27  Assimilator  
  68  5:28  Probe  
  69  5:30  Probe  
  70  5:37  Immortal  
  70  5:38  Pylon  
  70  5:44  Probe x2  
  76  5:56  Probe x2  
  78  6:02  Probe  
  79  6:06  Dark Templar  
  79  6:07  Protoss Ground Weapons Level 1, Dark Templar x2  
  79  6:08  Probe x2  
  79  6:10  Pylon  
  87  6:14  Probe  
  87  6:17  Pylon  
  88  6:18  Gateway  
  88  6:20  Probe  
  88  6:22  Charge  
  88  6:25  Immortal  
  89  6:30  Probe x2  
  91  6:32  Gateway  
  91  6:36  Probe  
  96  6:42  Probe  
  96  6:43  Probe  
  96  6:45  Pylon  
  98  6:48  Gateway, Zealot x2  
  98  6:49  Zealot x2  
  106  6:59  Gateway, Immortal  
  106  7:01  Pylon  
  106  7:02  Gateway x2  
  106  7:04  Pylon  
  106  7:12  Dark Templar  
  112  7:17  Zealot x2  
  112  7:19  Zealot  
  112  7:20  Archon x2  
  118  7:28  Pylon  
  118  7:30  Gateway  
  118  7:33  Observer  
  118  7:38  Zealot  
  118  7:39  Zealot x3  
  118  7:41  Zealot  
  129  7:47  Zealot  
  129  7:49  Zealot  
  133  7:57  Dark Templar  
  135  7:59  Dark Templar  
  135  8:00  Zealot  
  135  8:01  Zealot  
  135  8:02  Zealot x2  
  135  8:03  Archon  
  145  8:06  Pylon, Zealot  
  145  8:07  Zealot  
  145  8:08  Pylon  
  149  8:24  Pylon  
  149  8:25  Zealot x4  
  149  8:26  Zealot x2  
  161  8:27  Zealot x2  
  155  8:42  Stalker x2  
  155  8:52  Zealot x4  
  155  8:53  Zealot x3  
  163  8:56  Zealot  
Tags
 
Add a new tag
Caveats
  • Supply blocks, unpowered buildings, or Contaminate may cause inaccurate times.
  • Supply counts are checked every 10 seconds.